 Dungeon Crawl Stone Soup version 0.26.0-10-g1f06aea511 (webtiles) character file.

Game seed: 5736269635125403854

1432 Goblin1989 the Basher (level 8, -4/57 (60) HPs)
             Began as a Demonspawn Delver on Jan 23, 2021.
             Was a Priest of Ru.
             Slain by an orc warrior
             ... wielding a +0 halberd
              (5 damage)
             ... on level 6 of the Dungeon.
             The game lasted 00:14:40 (6147 turns).

Goblin1989 the Basher (Demonspawn Delver)           Turns: 6147, Time: 00:14:40

HP:   -4/57 (60)    AC:  9    Str: 15    XL:     8   Next: 45%
MP:   0/8           EV:  8    Int: 11    God:    Ru [***...]
Gold: 356           SH:  8    Dex: 15    Spells: 7/7 levels left

rFire    . . .     SeeInvis +   b - +2 whip (freeze)
rCold    . . .     Faith    .   x - +0 kite shield
rNeg     . . .     Spirit   +   w - +1 scale mail {rPois}
rPois    +         Reflect  .   Z - +0 helmet
rElec    .         Harm     .   W - scarf {repulsion}
rCorr    .         Rampage  .   (no gloves)
Will     .....                  V - +0 pair of boots (curse)
Stlth    +.........             r - amulet of regeneration
HPRegen  0.59/turn              s - ring of see invisible
MPRegen  0.22/turn              E - +4 ring of protection

@: drained, repel missiles
A: magic shield, magic regeneration, hated by all, reduced AC 1, sharp scales 1
a: Renounce Religion, Draw Out Power


You were on level 6 of the Dungeon.
You worshipped Ru.
Ru was most pleased with you.
You visited 2 branches of the dungeon, and saw 7 of its levels.

You collected 356 gold pieces.

Inventory:

Hand Weapons
 a - a +1 flail
 b - a +2 whip of freezing (weapon)
Missiles
 y - 2 javelins {@Q2}
 P - 205 stones {@Q3}
 R - 12 poisoned darts (quivered)
Armour
 w - a +1 scale mail of poison resistance (worn)
 x - a +0 kite shield (worn)
 V - a cursed +0 pair of boots (worn)
 W - a scarf of repulsion (worn)
 Z - a +0 helmet (worn)
Jewellery
 g - an uncursed ring of resist corrosion
 r - an amulet of regeneration (around neck)
 s - a ring of see invisible (left hand)
 E - a +4 ring of protection (right hand)
Wands
 z - a wand of iceblast (11) {@v4}
 B - a wand of digging (3) {@v1}
Scrolls
 c - a scroll of fog
 A - 2 scrolls of fear
 D - a scroll of blinking {unknown}
 G - 3 scrolls of enchant armour {unknown}
 J - 4 scrolls of enchant weapon
 K - 4 scrolls of random uselessness {unknown}
 M - 2 scrolls of magic mapping
 N - 11 scrolls of identify {unknown}
 T - 5 scrolls of teleportation {!r, @r2}
 U - a scroll of immolation {unknown}
 X - a scroll of remove curse {unknown}
Potions
 t - a potion of magic {unknown}
 C - a potion of mutation {unknown}
 F - 5 potions of degeneration {unknown}
 H - 2 potions of invisibility {unknown}
 I - a potion of berserk rage {unknown}
 L - 3 potions of curing {unknown}
 O - 3 potions of heal wounds {unknown}
 S - 3 potions of haste {@q3,}
 Y - a potion of might {unknown}


   Skills:
 + Level 3.9 Fighting
 * Level 8.3 Maces & Flails
 + Level 1.6 Throwing
 + Level 2.0 Armour
 + Level 2.9 Dodging
 - Level 4.5 Stealth
 + Level 2.0 Shields


You had 7 spell levels left.
You didn't know any spells.
Your spell library was empty.

Dungeon Overview and Level Annotations

Branches:
Dungeon (6/15)             Temple (1/1) D:4

Altars:
Ashenzari
Dithmenos
Elyvilon
Gozag
Hepliaklqana
Kikubaaqudgha
Makhleb
Nemelex Xobeh
Okawaru
Qazlal
Ru
Sif Muna
Trog
Uskayaw
Vehumet
Wu Jian
Xom
Yredelemnul
Zin
The Shining One
Lugonu


Innate Abilities, Weirdness & Mutations

When hurt, damage is shared between your health and your magic reserves.
You regenerate magic rapidly.
You are hated by all.
You take slightly more damage. (AC -5)
You are partially covered in razor-sharp scales. (AC +1, Slay +1)


Message History

a +0 scale mail; a +0 dagger; an orc skeleton Health restored: 60; MP restored: 8
Things that are here:
a +0 falchion; an orc skeleton
Things that are here:
a +0 robe; a +0 dagger
Found an escape hatch in the floor.
O - 3 orange potions (gained 1)
An orc wizard comes into view. It is wielding a -2 dagger.
An orc wizard is nearby!
An orc wizard is nearby!
A wight comes into view. It is wielding a +1 morningstar.
The orc wizard shouts!
You hear a shout!
An orc warrior comes into view. It is wielding a +0 halberd.
You hear a shout!
You closely miss the orc wizard.
You hear a shout!
The orc warrior shouts!
The orc wizard barely misses you.
You hit the orc wizard. You freeze the orc wizard.
The orc wizard is lightly wounded.
You closely miss the orc wizard.
The orc wizard is lightly wounded.
You block the orc wizard's attack.
You hit the orc wizard. You freeze the orc wizard.
The orc wizard is severely wounded.
An orc priest comes into view. It is wielding a +0 short sword.
You hit the orc wizard. You freeze the orc wizard.
You kill the orc wizard!
Your Armour skill increases to level 2!
Your Shields skill increases to level 2!
The orc priest begins to pray, but is stunned by your conviction!
An orc comes into view. It is wielding a +0 falchion.
The orc shouts!
The orc priest barely misses you.
The orc moves out of view.
You closely miss the orc priest. You block the orc priest's attack.
You whack the orc priest! You freeze the orc priest.
The orc priest is severely wounded.
An ufetubus comes into view.
The orc priest calls down the wrath of Beogh upon you.
Pain shoots through your body!
You take 7 damage, and have 53/60 hp.
You now have 6/8 mp.
You hit the orc priest. You freeze the orc priest.
You kill the orc priest!
The orc warrior hits you from afar with a +0 halberd!!
You take 16 damage, and have 37/60 hp.
MASSIVE DAMAGE!!
You now have 4/8 mp.
You hit the wight.
The wight is lightly damaged.
The wight hits you but does no damage.
You hit the wight but do no damage.
The wight is lightly damaged.
The orc warrior hits you but does no damage.
The wight hits you with a +1 morningstar.
You feel drained.
You take 7 damage, and have 32/58 hp.
Throw: 15 darts (poison)
Press: ? - help, Q - select action, (/) - cycle Shift-Dir - straight line, f - orc
Aim: an orc, wielding a +0 falchion and wearing a +0 ring mail You throw a poisoned dart.
The poisoned dart hits the wight.
The wight is lightly damaged.
Throw: 14 darts (poison)
Press: ? - help, Q - select action, (/) - cycle Shift-Dir - straight line, f/p - orc
Aim: an orc, wielding a +0 falchion and wearing a +0 ring mail You throw a poisoned dart.
The poisoned dart closely misses the wight.
The poisoned dart closely misses the orc warrior.
The poisoned dart completely misses the ufetubus.
The poisoned dart hits the orc.
The orc is poisoned.
You block the wight's attack.
The orc warrior hits you from afar with a +0 halberd!
* * * LOW HITPOINT WARNING * * *
You focus your inner power and blind the orc warrior in retribution!
You take 8 damage, and have 25/58 hp.
You now have 4/8 mp.
Throw: 13 darts (poison)
Press: ? - help, Q - select action, (/) - cycle Shift-Dir - straight line, f/p - orc
Aim: an orc, wielding a +0 falchion and wearing a +0 ring mail (poisoned)
You throw a poisoned dart.
The poisoned dart barely misses the wight.
The poisoned dart hits the orc warrior.
The wight hits you but does no damage.
You barely miss the wight.
The wight is lightly damaged.
You block the wight's attack.
You barely miss the wight.
The wight is lightly damaged.
You hit the wight but do no damage.
The wight is lightly damaged.
The orc warrior is no longer blind.
You kill the orc!
The wight hits you with a +1 morningstar.
* * * LOW HITPOINT WARNING * * *
You feel drained.
* * * LOW HITPOINT WARNING * * *
The orc warrior hits you from afar with a +0 halberd!!
* * * LOW HITPOINT WARNING * * *
You take 27 damage, and have 1/57 hp.
MASSIVE DAMAGE!!
You now have 1/8 mp.
You closely miss the wight.
The wight is lightly damaged.
The wight barely misses you.
The orc warrior hits you from afar with a +0 halberd!
You die... █. .. █o█

█ █.. .███████.o
..........
..........██████████
..<......)(.)5oz@..█
.....███..███████.██
.......█.. █.█
...███.█.. █.█
...███ █..███████.█
...... ...........█
...........██████.█
...)...... █.█
...█.█ .█.██████.█


You could see an orc warrior, a wight and an ufetubus.

Vanquished Creatures
  A water moccasin (D:5)
  A phantom (D:5)
  A sky beast (D:6)
  2 ogres
  2 bullfrogs
  A scorpion (D:4)
  3 wights (D:6)
  A quasit (D:5)
  3 orc priests (D:6)
  A hound (D:4)
  A jelly (D:5)
  2 centaur skeletons (D:6)
  Terence (D:2)
  Jessica (D:3)
  2 worker ants (D:5)
  An iguana (D:3)
  4 orc wizards
  A killer bee zombie (D:6)
  2 hound skeletons (D:4)
  5 adders
  An ooze (D:1)
  An adder skeleton (D:4)
  A worm (D:3)
  2 dart slugs
  6 leopard geckos
  11 orcs
  9 bats
  4 giant cockroaches
  9 goblins
  13 hobgoblins
  10 jackals
  3 quokkas
  A ball python (D:1)
  3 frilled lizards
  11 kobolds
  3 quokka skeletons
  7 rats (D:1)
131 creatures vanquished.

Vanquished Creatures (others)
  An orc (D:6)
1 creature vanquished.

Grand Total: 132 creatures vanquished

Notes
Turn   | Place    | Note
-------+----------+-------------------------------------------
     0 | D:5      | Goblin1989 the Demonspawn Delver began the quest for the
                  | Orb.
     0 | D:5      | Reached XP level 1. HP: 18/18 MP: 1/1
   263 | D:5      | Reached skill level 2 in Maces & Flails
   432 | D:4      | Noticed a scorpion
   445 | D:5      | Found an ancient bone altar of Kikubaaqudgha.
   445 | D:5      | Found a basalt altar of Yredelemnul.
   447 | D:5      | Found a broken altar of Ashenzari.
   447 | D:5      | Found a hide-covered altar of Uskayaw.
   463 | D:5      | Noticed an ogre
   465 | D:4      | Noticed an iguana
   466 | D:4      | Found a staircase to the Ecumenical Temple.
   488 | Temple   | Entered the Ecumenical Temple
   776 | Temple   | Became a worshipper of Ru the Awakened
   827 | D:3      | Noticed an orc wizard
   832 | D:3      | Noticed an orc wizard
   834 | D:3      | Killed an orc wizard
   835 | D:3      | Reached skill level 3 in Maces & Flails
   835 | D:3      | Gained mutation: When hurt, damage is shared between your
                  | health and your magic reserves. [demonic ancestry]
   835 | D:3      | Reached XP level 2. HP: 16/24 MP: 2/2
   835 | D:3      | Gained mutation: You are partially covered in razor-sharp
                  | scales. (AC +1, Slay +1) [demonic ancestry]
   835 | D:3      | Reached XP level 3. HP: 20/29 MP: 3/3
   870 | D:3      | HP: 1/29 [orc/+0 short sword (3)]
  1201 | D:3      | Reached skill level 4 in Maces & Flails
  1201 | D:3      | Reached XP level 4. HP: 20/35 MP: 4/4
  1825 | D:1      | You fall into a shaft and drop 1 floor!
  1964 | D:2      | Noticed Terence
  2005 | D:2      | Gained mutation: You are hated by all. [Ru sacrifice]
  2005 | D:2      | Reached * piety under Ru
  2189 | D:1      | Reached XP level 5. HP: 41/41 MP: 5/5
  2608 | D:2      | Killed Terence
  2609 | D:2      | Reached skill level 5 in Maces & Flails
  3262 | D:3      | Noticed Jessica
  3274 | D:3      | Killed Jessica
  3525 | D:3      | Found a shimmering blue altar of Sif Muna.
  3638 | D:3      | Found a hazy altar of Hepliaklqana.
  3641 | D:3      | Found a shadowy altar of Dithmenos.
  3641 | D:3      | Noticed a shadow
  3989 | D:3      | Reached XP level 6. HP: 24/47 MP: 3/6
  4135 | D:4      | Reached skill level 6 in Maces & Flails
  4302 | D:4      | Reached skill level 7 in Maces & Flails
  4302 | D:4      | Gained mutation: You regenerate magic rapidly. [demonic
                  | ancestry]
  4302 | D:4      | Reached XP level 7. HP: 52/52 MP: 7/7
  4563 | D:4      | Gained mutation: You take slightly more damage. (AC -5) [Ru
                  | sacrifice]
  4563 | D:4      | Reached ** piety under Ru
  4563 | D:4      | Reached *** piety under Ru
  4706 | D:5      | Found a shimmering altar of Xom.
  4789 | D:5      | Found a bloodstained altar of Trog.
  5415 | D:5      | Reached skill level 1 in Armour
  5690 | D:6      | Reached skill level 1 in Shields
  5888 | D:5      | Reached skill level 8 in Maces & Flails
  5888 | D:5      | Reached XP level 8. HP: 58/58 MP: 8/8
  5944 | D:6      | Reached skill level 1 in Throwing
  6146 | D:6      | HP: 1/57 [orc warrior/+0 halberd (23)]
  6147 | D:6      | Slain by an orc warrior

Illustrated notes

Levels and vault maps discovered:
D:1:      roderic_crop_circles_arrival_small, layout_rooms, st_stairs_1,
          chequers_serial_rivers_small_3, minmay_heptomino_h4
D:2:      minmay_evil_eye, layout_rooms, uniq_terence
D:3:      layout_basic, riverfiend_overflow_shadow_ancestor,
          general_overflow_altar, uniq_jessica
D:4:      layout_cave_pools, minmay_temple_entry_drinking_statues,
          minmay_misc_feat_pillars
D:5:      layout_basic, xom_teletrap_fun, old_standard_altar,
          chequers_temple_overflow_statue_of_worship
D:6:      layout_basic, corexii_corridor_pit
Temple:   kb_corrupted_temple

Skill      XL: |  1  2  3  4  5  6  7  8 |
---------------+-------------------------+-----
Maces & Flails | 3 4 5 7 8 |  8.3
Dodging        | 2 |  2.9
Armour         | 1 2 |  2.0
Shields        | 1 2 |  2.0
Throwing       | 1 |  1.6
Fighting       | |  3.9
Stealth        | |  4.5

Action                   |  1- 3 |  4- 6 |  7- 9 || total
-------------------------+-------+-------+-------++-------
Melee: Flail             |    42 |   182 |       ||   224
       Mace              |     2 |       |       ||     2
       Whip              |       |    38 |   234 ||   272
Throw: Dart              |     6 |       |     3 ||     9
       Stone             |     2 |       |       ||     2
Invok: Sacrifice Love    |       |     1 |       ||     1
       Sacrifice Health  |       |       |     1 ||     1
  Use: Scroll            |     1 |     2 |       ||     3
       Potion            |     1 |       |       ||     1
 Stab: Sleeping          |     1 |    15 |       ||    16
       Invisible         |       |       |     1 ||     1
Armor: Leather armour    |    10 |    68 |    15 ||    93
       Scale mail        |       |       |    58 ||    58
Dodge: Dodged            |    18 |   160 |    74 ||   252
Block: Kite shield       |       |       |    62 ||    62
